 Dungeon Crawl Stone Soup version 0.21.0-8-gf18e19db4a (webtiles) character file.

3175 Kenran the Grappler (level 9, -8/71 (72) HPs)
             Began as a Demonspawn Gladiator on Jan 17, 2018.
             Was a Follower of Makhleb.
             Mangled by a hornet (10 damage)
             ... on level 7 of the Dungeon.
             The game lasted 00:21:46 (10202 turns).

Kenran the Grappler (Demonspawn Gladiator)         Turns: 10202, Time: 00:21:47

HP:   -8/71 (72)    AC: 12    Str: 18    XL:     9   Next: 63%
MP:   11/11         EV: 14    Int:  9    God:    Makhleb [*.....]
Gold: 330           SH:  0    Dex: 15    Spells: 8/8 levels left

rFire    . . .     SeeInvis .     - Unarmed
rCold    . . .     Gourm    .   (no shield)
rNeg     . . .     Faith    .   a - +0 chain mail
rPois    .         Spirit   .   b - +0 helmet
rElec    .         Reflect  .   n - +0 cloak
rCorr    .         Harm     .   (no gloves)
MR       .....                  (no boots)
Stlth    ..........             (no amulet)
HPRegen  0.21/turn              (no ring)
MPRegen  0.12/turn              q - +3 ring of evasion

@: lethally poisoned (-8 -> -45), flying, very slightly contaminated, hasted and
slowed, invisible
A: claws 2, repulsion field 2, powered by death 1, spiny 1
a: Renounce Religion


You were on level 7 of the Dungeon.
You worshipped Makhleb.
Makhleb was aware of your devotion.
You were not hungry.

You visited 1 branch of the dungeon, and saw 8 of its levels.

You collected 330 gold pieces.

Inventory:

Missiles
 c - 4 throwing nets
 e - 193 stones (quivered)
Armour
 a - a +0 chain mail (worn)
 b - a +0 helmet (worn)
 n - a +0 cloak (worn)
Jewellery
 q - a +3 ring of evasion (right claw)
 w - an uncursed ring of see invisible {unknown}
Wands
 i - a wand of polymorph (7)
 j - a wand of clouds (8)
 l - a wand of disintegration (9)
 r - a wand of digging (3)
 u - a wand of random effects (21)
 v - a wand of acid (8)
Scrolls
 f - a scroll of amnesia
 h - 2 scrolls of magic mapping
 m - 3 scrolls of remove curse {@r2}
 s - a scroll of enchant weapon {unknown}
Potions
 g - 2 potions of haste {@q3}
 o - a potion of agility {@q5}
Comestibles
 d - 9 rations


   Skills:
 + Level 7.4 Fighting
 - Level 1.7 Throwing
 - Level 6.3 Armour
 - Level 2.6 Dodging
 * Level 8.6 Unarmed Combat
 + Level 2.9 Invocations


You had 8 spell levels left.
You didn't know any spells.

Dungeon Overview and Level Annotations

Branches:
Dungeon (8/15)             Temple (0/1) D:5
   Lair: D:8-11

Altars:
Cheibriados
Fedhas
Gozag
Kikubaaqudgha
Makhleb
Nemelex Xobeh
Qazlal
Sif Muna
Uskayaw

Annotations:
D:1 exclusion: downstairs
D:2 exclusion: downstairs
D:4 1 exclusion
D:5 exclusion: upstairs


Innate Abilities, Weirdness & Mutations

You have very sharp fingernails.
You are surrounded by a moderate repulsion field. (EV +3)
You regenerate a little health from kills.
You are partially covered in sharp spines.


Message History

* * * LOW HITPOINT WARNING * * *
You are lethally poisoned!
You feel yourself slow down.
It was a potion of invisibility.
You fade into invisibility!
* * * LOW HITPOINT WARNING * * *
You feel very sick. The hornet is struck by your spines.
The hornet barely misses you. The hornet is struck by your spines.
The hornet stings you!
* * * LOW HITPOINT WARNING * * *
You are more poisoned.
You feel as though you will be slow longer.
You are very lightly contaminated with residual magic.
It was a potion of flight.
You feel very buoyant.
You fly up into the air.
* * * LOW HITPOINT WARNING * * *
You feel very sick. The hornet is struck by your spines. The hornet stings you!
You die...

#...##'######....#
#....#...........#
##..##...........#
##.>##.....##....#
#...##.....##....#
#...'............#
##..##...........#
######...........#
#...'..........y@#
#...##.....##....#
##..##.....##....#
#...##.....'.....#
#..........#.....#
##..##...>.##....#
##+######'###....#
##..##.....##....#
##...#.....#####'#


You could see a hornet.

Vanquished Creatures
  The ghost of Jannitor the Changer, a novice BaTm (D:5)
  The ghost of topfpfpflanze the Gouger, a novice FeMo of Dithmenos (D:7)
  The ghost of denis1488 the Chiller, an amateur HuIE (D:4)
  Sigmund (D:3)
  Duvessa (D:5)
  4 necrophages (D:7)
  An ice beast (D:6)
  4 ogres
  A centaur (D:6)
  A wyvern zombie (D:7)
  A bullfrog (D:6)
  Dowan (D:5)
  7 scorpions
  A vampire bat (D:3)
  4 crimson imps
  A bullfrog zombie (D:5)
  A centaur zombie (D:7)
  2 orc priests
  4 orc wizards
  4 hounds
  4 worker ants
  2 hound skeletons
  A worker ant zombie (D:6)
  5 adders
  An ooze (D:2)
  2 adder zombies (D:7)
  5 worms
  4 dart slugs
  3 leopard geckos
  21 orcs
  A bat skeleton (D:3)
  3 bat zombies (D:3)
  4 giant cockroaches
  13 goblins
  7 hobgoblins
  8 jackals
  5 quokkas
  A ball python (D:4)
  9 bats
  5 frilled lizards
  A jackal skeleton (D:2)
  6 kobolds
  A leopard gecko skeleton (D:4)
  6 rats
  A bush (D:7)
  A plant (D:7)
162 creatures vanquished.

Vanquished Creatures (others)
  4 plants (D:7)
4 creatures vanquished.

Grand Total: 166 creatures vanquished

Notes
Turn   | Place    | Note
-------+----------+-------------------------------------------
     0 | D:1      | Kenran the Demonspawn Gladiator began the quest for the Orb.
     0 | D:1      | Reached XP level 1. HP: 16/16 MP: 1/1
   207 | D:1      | Reached skill level 3 in Unarmed Combat
   379 | D:1      | Gained mutation: You have sharp fingernails. [demonic ancestry]
   379 | D:1      | Reached XP level 2. HP: 22/22 MP: 2/2
  1412 | D:2      | Reached XP level 3. HP: 23/27 MP: 3/3
  1548 | D:2      | Found a snail-covered altar of Cheibriados.
  1596 | D:2      | Reached skill level 4 in Unarmed Combat
  2236 | D:2      | Gained mutation: You are partially covered in sharp spines. [demonic ancestry]
  2236 | D:2      | Reached XP level 4. HP: 31/33 MP: 4/4
  2519 | D:3      | Noticed Sigmund
  3072 | D:3      | Noticed an ogre
  3332 | D:4      | Reached skill level 5 in Unarmed Combat
  3332 | D:4      | Reached XP level 5. HP: 30/38 MP: 5/5
  3482 | D:4      | Noticed denis1488's ghost (amateur HuIE)
  3793 | D:4      | Found an opulent altar of Gozag.
  4143 | D:4      | Found a stormy altar of Qazlal.
  4264 | D:4      | Gained mutation: You are surrounded by a mild repulsion field. (EV +2) [demonic ancestry]
  4264 | D:4      | Reached XP level 6. HP: 16/46 MP: 6/6
  4563 | D:4      | Reached skill level 6 in Unarmed Combat
  4600 | D:4      | HP: 2/46 [denis1488's ghost (2)]
  5461 | D:4      | Found a deep blue altar of Sif Muna.
  5701 | D:5      | Entered Level 5 of the Dungeon
  5701 | D:5      | Noticed Duvessa
  5701 | D:5      | Noticed Dowan
  6092 | D:5      | Noticed Jannitor's ghost (novice BaTm)
  6124 | D:5      | Killed Jannitor's ghost
  6124 | D:5      | Reached skill level 7 in Unarmed Combat
  6124 | D:5      | Gained mutation: You have very sharp fingernails. [demonic ancestry]
  6124 | D:5      | Reached XP level 7. HP: 42/54 MP: 7/7
  6175 | D:5      | Killed Duvessa
  6495 | D:5      | Reached skill level 8 in Unarmed Combat
  6495 | D:5      | Gained mutation: You regenerate a little health from kills. [demonic ancestry]
  6495 | D:5      | Reached XP level 8. HP: 56/61 MP: 8/8
  6521 | D:5      | Found a burning altar of Makhleb.
  6534 | D:5      | Became a worshipper of Makhleb the Destroyer
  6632 | D:5      | Killed Dowan
  6632 | D:5      | Reached skill level 5 in Fighting
  6632 | D:5      | Reached skill level 1 in Armour
  6735 | D:5      | Found a hide-covered altar of Uskayaw.
  7018 | D:5      | Found a staircase to the Ecumenical Temple.
  7740 | D:3      | Killed Sigmund
  7967 | D:3      | Found an ancient bone altar of Kikubaaqudgha.
  8074 | D:4      | Killed denis1488's ghost
  8359 | D:6      | Reached skill level 5 in Armour
  8362 | D:6      | Gained mutation: You are surrounded by a moderate repulsion field. (EV +3) [demonic ancestry]
  8362 | D:6      | Reached XP level 9. HP: 71/71 MP: 9/9
  8576 | D:6      | Found a sparkling altar of Nemelex Xobeh.
  9503 | D:7      | Noticed topfpfpflanze's ghost (novice FeMo)
  9514 | D:7      | Killed topfpfpflanze's ghost
  9584 | D:7      | Reached skill level 1 in Invocations
  9734 | D:7      | Reached * piety under Makhleb
  9811 | D:7      | Found a blossoming altar of Fedhas.
 10182 | D:8      | Paralysed by a hornet for 3 turns
 10199 | D:7      | Identified a scroll of acquirement
 10202 | D:7      | HP: 2/71 [poisoned by a hornet]
 10202 | D:7      | Mangled by a hornet

Skill      XL: |  1  2  3  4  5  6  7  8  9 |
---------------+----------------------------+-----
Unarmed Combat | 3 4 5 7 8 |  8.6
Fighting       | 4 6 7 |  7.4
Armour         | 5 6 |  6.3
Invocations    | 2 |  2.9
Throwing       | |  1.7
Dodging        | |  2.6

Action                   |  1- 3 |  4- 6 |  7- 9 || total
-------------------------+-------+-------+-------++-------
Melee: Unarmed           |   146 |   165 |   250 ||   561
       Punch             |       |     5 |    10 ||    15
Throw: Stone             |     1 |       |       ||     1
       Throwing net      |     1 |       |       ||     1
  Use: Scroll            |     1 |     3 |     8 ||    12
       Potion            |     1 |     5 |     5 ||    11
  Eat: Ration            |     1 |     2 |     2 ||     5
       Chunk             |     1 |     6 |     5 ||    12
Armor: Leather armour    |    15 |       |       ||    15
       Ring mail         |    17 |     4 |       ||    21
       Chain mail        |       |    53 |    63 ||   116
       Skin              |       |     2 |       ||     2
Dodge: Dodged            |    74 |    54 |   100 ||   228
